Map: Lerilak Crest

Players

Solar - Winner!

  • Race: Zerg Zerg

puCK (Nina)

  • Race: Protoss Protoss
  • League: Grandmaster

Event: Root's WW3

VOD

Have the link to the VOD?

Description

Time

  • Played on: Dec. 12, 2015, 4:26 a.m.
  • Length: 9:01

All games in this series

Show
View Real Time Build Order
Export as new Build Order

Solar Zerg - Winner!

Build Orders: 3 Hatch before Pool 

Get SALT Encoding   

  12  0:01  Drone  
  13  0:13  Overlord  
  13  0:17  Drone  
  14  0:31  Drone x2  
  14  0:35  Drone  
  17  0:52  Hatchery  
  17  0:55  Drone  
  17  0:58  Drone  
  18  1:09  Drone  
  19  1:22  Drone  
  20  1:29  Hatchery  
  19  1:34  Extractor  
  19  1:38  Spawning Pool  
  17  1:41  Drone  
  17  1:45  Drone  
  19  1:50  Drone  
  20  2:01  Drone  
  20  2:06  Drone  
  22  2:14  Drone  
  23  2:26  Queen x2, Zergling x2  
  28  2:35  Metabolic Boost  
  28  2:39  Overlord  
  28  2:41  Queen  
  28  2:43  Drone  
  31  2:45  Drone  
  31  2:48  Drone  
  31  2:50  Drone  
  34  2:58  Drone x2  
  34  3:00  Drone x2  
  34  3:02  Drone  
  39  3:06  Overlord  
  39  3:07  Drone  
  40  3:13  Drone x2  
  42  3:23  Overlord  
  42  3:25  Zergling x2  
  42  3:26  Zergling x2  
  43  3:28  Zergling x2  
  43  3:31  Zergling x2  
  45  3:35  Drone x2  
  45  3:36  Drone  
  45  3:37  Zergling x4  
  45  3:38  Overlord  
  50  3:41  Zergling x2  
  50  3:42  Zergling x2  
  50  3:43  Extractor  
  50  3:44  Drone  
  50  3:46  Drone  
  53  3:49  Drone x3  
  53  3:51  Drone  
  53  3:55  Drone  
  57  3:58  Drone  
  57  4:01  Drone  
  58  4:08  Zergling x8  
  62  4:11  Lair  
  62  4:12  Drone  
  62  4:14  Drone  
  62  4:15  Extractor x2  
  62  4:17  Overlord  
  62  4:19  Overlord  
  62  4:25  Zergling x2  
  62  4:27  Drone  
  62  4:30  Drone x2  
  64  4:32  Drone  
  65  4:38  Drone x2  
  65  4:39  Drone x3  
  65  4:42  Zergling x8  
  65  4:43  Roach Warren  
  72  4:48  Extractor  
  72  4:49  Overlord  
  72  4:51  Evolution Chamber, Drone  
  71  4:53  Drone  
  71  4:54  Drone  
  69  5:00  Drone  
  69  5:04  Drone x2  
  71  5:08  Drone x3, Extractor  
  71  5:11  Drone x3  
  71  5:13  Drone  
  77  5:15  Overlord  
  77  5:17  Zerg Melee Weapons Level 1  
  77  5:18  Drone x2  
  77  5:19  Drone x2, Spire  
  80  5:24  Overlord  
  80  5:26  Overlord  
  79  5:30  Drone  
  79  5:41  Overlord  
  79  5:44  Roach x4  
  79  5:45  Roach  
  79  5:47  Roach  
  79  5:49  Roach  
  93  5:50  Hatchery, Roach  
  93  5:54  Roach x2  
  93  5:55  Roach  
  100  5:57  Roach  
  100  5:58  Roach  
  100  6:02  Roach  
  106  6:06  Overlord  
  106  6:07  Roach  
  106  6:11  Roach Warren  
  107  6:16  Zergling x12  
  108  6:20  Zergling x6  
  105  6:28  Zergling x6  
  92  6:39  Mutalisk x5  
  98  6:47  Mutalisk  
  102  6:51  Glial Reconstitution  
  102  6:52  Mutalisk x2  
  108  6:55  Ravager x3  
  108  6:58  Mutalisk  
  113  7:03  Zergling x2  
  113  7:04  Zergling x2  
  113  7:05  Zergling x2  
  118  7:08  Roach  
  118  7:10  Roach x4  
  118  7:11  Queen  
  118  7:13  Roach x2  
  129  7:22  Roach x4  
  130  7:25  Roach x2  
  130  7:26  Roach  
  132  7:32  Overlord x3  
  132  7:34  Zergling x4  
  134  7:37  Overlord  
  134  7:39  Zergling x2  
  134  7:41  Overlord  
  135  7:48  Zergling x6  
  135  7:50  Zergling x2  
  135  7:51  Zergling x10  
  141  7:54  Ravager x5  
  146  7:59  Zergling x6  
  149  8:06  Zergling x10  
  154  8:14  Roach x3  
  154  8:19  Roach x5  
  166  8:25  Zergling x2  
  159  8:31  Roach x2  
  159  8:32  Roach x3  
  159  8:33  Roach  
Show
View Real Time Build Order
Export as new Build Order

puCK Protoss 

Build Orders: Nexus First 

Get SALT Encoding   

  12  0:01  Probe (Chrono Boost)  
  13  0:11  Probe (Chrono Boost)  
  14  0:17  Pylon  
  14  0:22  Probe (Chrono Boost)  
  15  0:35  Probe (Chrono Boost)  
  16  0:46  Probe (Chrono Boost)  
  17  0:56  Nexus  
  17  1:00  Probe (Chrono Boost)  
  18  1:10  Gateway  
  18  1:13  Probe (Chrono Boost)  
  18  1:18  Assimilator  
  19  1:23  Probe (Chrono Boost)  
  20  1:26  Assimilator  
  20  1:34  Probe (Chrono Boost)  
  20  1:37  Pylon  
  21  1:45  Probe (Chrono Boost)  
  22  1:57  Gateway  
  22  2:00  Cybernetics Core  
  22  2:02  Probe (Chrono Boost)  
  23  2:10  Probe (Chrono Boost)  
  23  2:12  Probe (Chrono Boost)  
  25  2:20  Probe (Chrono Boost)  
  26  2:23  Probe (Chrono Boost)  
  27  2:31  Probe (Chrono Boost)  
  27  2:33  Probe (Chrono Boost)  
  27  2:36  Adept  
  31  2:37  Warp Gate  
  31  2:41  Probe (Chrono Boost)  
  31  2:44  Adept  
  34  2:45  Mothership Core (Chrono Boost)  
  36  2:52  Probe (Chrono Boost)  
  37  3:02  Probe (Chrono Boost)  
  37  3:04  Probe (Chrono Boost)  
  39  3:09  Nexus  
  39  3:13  Probe (Chrono Boost)  
  39  3:14  Probe (Chrono Boost)  
  41  3:23  Probe (Chrono Boost)  
  41  3:25  Probe (Chrono Boost)  
  43  3:27  Twilight Council  
  43  3:30  Pylon  
  44  3:34  Probe (Chrono Boost)  
  44  3:35  Probe (Chrono Boost)  
  45  3:43  Pylon  
  45  3:45  Probe (Chrono Boost)  
  45  3:48  Adept  
  48  3:49  Robotics Facility  
  48  4:02  Probe (Chrono Boost)  
  45  4:03  Charge (Chrono Boost)  
  45  4:04  Pylon  
  45  4:07  Gateway  
  45  4:08  Probe (Chrono Boost)  
  46  4:10  Gateway  
  46  4:13  Pylon  
  46  4:14  Probe  
  47  4:19  Probe  
  47  4:20  Pylon  
  48  4:26  Probe x2  
  48  4:29  Probe  
  49  4:40  Gateway x2  
  49  4:43  Probe x2  
  49  4:44  Probe  
  51  4:47  Zealot  
  51  4:48  Zealot  
  55  4:54  Probe  
  55  4:56  Probe  
  55  4:57  Gateway  
  55  4:58  Warp Prism (Chrono Boost)  
  56  5:01  Gateway, Probe  
  55  5:07  Gateway  
  55  5:09  Probe x2  
  55  5:12  Probe  
  58  5:19  Gateway  
  59  5:21  Probe x2  
  59  5:27  Zealot  
  59  5:28  Zealot x2  
  65  5:32  Zealot  
  65  5:34  Observer (Chrono Boost), Blink  
  68  5:53  Zealot x6  
  68  5:55  Zealot x2  
  82  6:10  Zealot  
  84  6:16  Zealot x2  
  84  6:17  Zealot x5  
  88  6:18  Zealot x2  
  76  6:38  Probe x2  
  76  6:39  Probe  
  71  6:41  Assimilator  
  71  6:44  Zealot x5  
  71  6:45  Zealot x5  
  91  6:52  Assimilator  
  91  6:53  Assimilator  
  91  7:03  Pylon  
  91  7:05  Zealot  
  91  7:06  Zealot x4  
  101  7:14  Stargate x2  
  93  7:20  Stalker x2  
  93  7:21  Stalker x3  
  84  7:23  Probe (Chrono Boost)  
  84  7:24  Probe (Chrono Boost)  
  84  7:25  Probe (Chrono Boost)  
  74  7:30  Assimilator  
  74  7:34  Stalker, Probe x2 (Chrono Boost), Pylon  
  74  7:35  Stalker  
  74  7:36  Probe (Chrono Boost), Pylon  
  81  7:41  Stalker x2  
  85  7:44  Probe  
  85  7:46  Probe  
  85  7:47  Stalker  
  89  7:51  Probe  
  89  7:52  Stalker  
  89  7:54  Probe  
  89  7:56  Stalker  
  95  7:58  Probe  
  95  8:03  Probe  
  97  8:12  Probe  
  100  8:16  Zealot x3  
  100  8:17  Zealot  
  108  8:22  Zealot x2  
  108  8:23  Zealot x2  
  108  8:24  Zealot  
  97  8:29  Zealot  
  68  8:44  Stalker x2  
  68  8:45  Stalker  
Tags
 
Add a new tag
Caveats
  • Supply blocks, unpowered buildings, or Contaminate may cause inaccurate times.
  • Supply counts are checked every 10 seconds.